 Dungeon Crawl Stone Soup version 0.29.0-4-gdea44cf6ec (webtiles) character file.

Game seed: 7032537032155315801

71 qw the Chopper (level 4, -2/36 HPs)
             Began as a Barachi Chaos Knight on Sept 3, 2022.
             Succumbed to an orange demon's poison
             ... on level 3 of the Dungeon.
             The game lasted 00:01:14 (2886 turns).

qw the Chopper (Barachi Chaos Knight)               Turns: 2886, Time: 00:01:15

Health: -2/36      AC:  9    Str: 15      XL:     4   Next: 24%
Magic:  4/4        EV: 11    Int:  9 (13) God:
Gold:   176        SH:  0    Dex:  6 (9)  Spells: 3/3 levels left

rFire   . . .      SeeInvis .   Y - +0 hand axe (chaos)
rCold   . . .      Faith    .   (no shield)
rNeg    . . .      Spirit   .   a - +0 chain mail
rPois   .          Reflect  .   (no helmet)
rElec   .          Harm     .   (no cloak)
rCorr   .          Rampage  .   (no gloves)
Will    .....                   m - +0 pair of boots
Stlth   ..........              k - amulet of the acrobat
HPRegen 0.12/turn               (no ring)
MPRegen 0.09/turn               (no ring)

@: agile, lethally poisoned (-2 -> -17), unable to drink, slow
A: amphibious, slowness 1, strong legs 1, +LOS, clumsy 1, screaming 1, inability
to drink after injury 1
a: Hop


You were on level 3 of the Dungeon.
You visited 1 branch of the dungeon, and saw 3 of its levels.

You collected 176 gold pieces.


Innate Abilities, Weirdness & Mutations

You are amphibious.
You cover ground slowly.
You can hop short distances.
You have an extended range of vision and can be seen from far away.
You are clumsy. (Dex -2)
You occasionally shout uncontrollably at your foes.
You occasionally lose the ability to drink potions when taking damage.


   Skills:
 - Level 3.6 Fighting
 + Level 5.2 Axes
 - Level 1.0 Throwing
 - Level 2.4 Armour
 - Level 1.1 Dodging


You had 3 spell levels left.
You didn't know any spells.
Your spell library was empty.

Inventory:

Hand Weapons
 n - a +0 mace
 Y - a +0 hand axe of chaos (weapon)
Missiles
 j - 2 javelins (quivered)
Armour
 a - a +0 chain mail (worn)
 f - a +0 plate armour
 m - a +0 pair of boots (worn)
Jewellery
 k - an amulet of the acrobat (around neck)
Scrolls
 d - 2 scrolls of blinking {unknown}
 i - a scroll of identify
Potions
 b - a potion of heal wounds {unknown}
 e - 2 potions of lignification {unknown}
 g - a potion of mutation {unknown}
 h - a potion of curing {unknown}
 l - a potion of haste {unknown}
Miscellaneous
 c - a piece from Xom's chessboard (15/15)

Dungeon Overview and Level Annotations

Branches:
Dungeon (3/15)

Altars:


Message History

You hit the quasit.
The quasit seems to speed up.
You hit the shadow imp.
The shadow imp is poisoned.
You barely miss the quasit. You closely miss the quasit.
The quasit is moderately wounded.
You barely miss the shadow imp. You hit something but do no damage.
Nothing appears to happen.
You closely miss the quasit.
The quasit bites you but does no damage.
The quasit claws you but does no damage. x2
The quasit bites you but does no damage.
The quasit claws you but does no damage.
The quasit claws you.
You feel clumsy. The shadow imp gestures at you. Pain shoots through your body!
The orange demon stings you from afar!
You are poisoned.
The orange demon poisons you!
You hit the quasit but do no damage.
The quasit is moderately wounded.
You hit the shadow imp.
The shadow imp flickers and vanishes!
You barely miss something. You miss the quasit.
You feel very sick. The quasit bites you.
The quasit claws you but does no damage. x2
The quasit bites you but does no damage.
The quasit claws you.
You feel clumsy.
The quasit claws you but does no damage.
The quasit barely misses you. The quasit closely misses you.
The quasit claws you but does no damage.
Something gores you!
You feel threatened and lose the ability to drink potions!
You feel agile all of a sudden. The orange demon closely misses you.
The crimson imp blinks!
Pain shoots through your body!
You hit the quasit but do no damage.
The quasit is lightly wounded.
You miss something. You hit something. You burn something.
You barely miss the quasit.
You die...
Xom is highly amused!

#.#.######...#.#
#.#............
#.#.#.#.#...#.> #)#.#.#
#...####
#######+#.#.#.#+#.......
#.........#.#...........
#....5445.#.#.......####
#....555{5..........####
#######@#5####......#...
#{#...........#.##
#5#####.......#.## #.#
#.......#... #.#
#........... #..
##.####.##### ###
#............
#..####.##### . #.# #.#


You could see an orange demon (summoned), an ice devil (summoned), an iron imp
(summoned), 3 quasits, 2 crimson imps and a shadow imp (summoned).

Vanquished Creatures
  A gnoll (D:1)
  2 adders (D:2)
  A worm (D:2)
  4 endoplasms
  A giant cockroach (D:1)
  5 goblins
  3 hobgoblins
  2 jackals (D:3)
  4 kobolds
  2 quokkas
  3 ball pythons
  3 bats
  5 frilled lizards
  3 rats
39 creatures vanquished.

Notes
Turn   | Place    | Note
-------+----------+-------------------------------------------
     0 | D:1      | qw the Barachi Chaos Knight began the quest for the Orb.
     0 | D:1      | Reached XP level 1. HP: 18/18 MP: 1/1
     0 | D:1      | 0 ||| qw: Version: 0.1-a-102-g441f92d
     0 | D:1      | 0 ||| qw: Game counter: 5282
     0 | D:1      | 0 ||| qw: Always use a shield: true
     0 | D:1      | 0 ||| qw: God list: Okawaru
     0 | D:1      | 0 ||| qw: Allow faded altars: false
     0 | D:1      | 0 ||| qw: Do Orc after D:15 true
     0 | D:1      | 0 ||| qw: Do second Lair branch before Depths: true
     0 | D:1      | 0 ||| qw: Lair rune preference: random
     0 | D:1      | 0 ||| qw: Plans: Normal
     0 | D:1      | 0 ||| PLANNING D:1-11
     0 | D:1      | Fell from the grace of Xom
   148 | D:1      | 148 ||| Stepping ~*~*~tactically~*~*~ (hiding).
   157 | D:1      | Reached skill level 4 in Axes
   157 | D:1      | Reached XP level 2. HP: 7/24 MP: 2/2
   405 | D:1      | 405 ||| Stepping ~*~*~tactically~*~*~ (stealth).
   408 | D:1      | 408 ||| Stepping ~*~*~tactically~*~*~ (stealth).
   411 | D:1      | 411 ||| Stepping ~*~*~tactically~*~*~ (stealth).
   429 | D:1      | 429 ||| Stepping ~*~*~tactically~*~*~ (stealth).
   435 | D:1      | Reached skill level 1 in Throwing
   571 | D:1      | Reached XP level 3. HP: 23/29 MP: 3/3
   635 | D:1      | Found a faded altar of an unknown god.
   680 | D:1      | 680 ||| Stepping ~*~*~tactically~*~*~ (stealth).
   681 | D:1      | 681 ||| Stepping ~*~*~tactically~*~*~ (stealth).
   782 | D:1      | 782 ||| DROPPING +0 club.
   871 | D:1      | 871 ||| Stepping ~*~*~tactically~*~*~ (stealth).
   895 | D:1      | 895 ||| Stepping ~*~*~tactically~*~*~ (stealth).
   899 | D:1      | 899 ||| Stepping ~*~*~tactically~*~*~ (stealth).
   904 | D:1      | 904 ||| Stepping ~*~*~tactically~*~*~ (stealth).
   963 | D:1      | 963 ||| Stepping ~*~*~tactically~*~*~ (stealth).
   964 | D:1      | 964 ||| Stepping ~*~*~tactically~*~*~ (stealth).
   993 | D:1      | 993 ||| UPGRADING to +0 pair of boots.
   998 | D:1      | 998 ||| UPGRADING to amulet of the acrobat.
  1003 | D:1      | 1003 ||| READING scroll labelled SATAMIRRUSS.
  1006 | D:1      | 1006 ||| READING 2 scrolls labelled SUTOOMNYAH.
  1007 | D:1      | 1007 ||| READING scroll labelled ANARU PANTEUSK.
  1106 | D:2      | 1106 ||| Stepping ~*~*~tactically~*~*~ (stealth).
  1122 | D:2      | HP: 7/29 [poisoned by an adder]
  1128 | D:2      | 1128 ||| Stepping ~*~*~tactically~*~*~ (stealth).
  1129 | D:2      | 1129 ||| Stepping ~*~*~tactically~*~*~ (stealth).
  1138 | D:2      | 1138 ||| Stepping ~*~*~tactically~*~*~ (stealth).
  1160 | D:2      | XOM: stat loss: -2 Int (10/12)
  1676 | D:2      | Reached skill level 5 in Axes
  1676 | D:2      | Reached XP level 4. HP: 22/36 MP: 4/4
  2158 | D:2      | XOM: give mutations
  2158 | D:2      | Gained mutation: You occasionally shout uncontrollably at
                  | your foes. [Xom's mischief]
  2158 | D:2      | Gained mutation: You are clumsy. (Dex -2) [Xom's mischief]
  2158 | D:2      | Gained mutation: You occasionally lose the ability to drink
                  | potions when taking damage. [Xom's mischief]
  2301 | D:2      | 2301 ||| UPGRADING to +0 chain mail.
  2311 | D:2      | 2311 ||| DROPPING +2 leather armour.
  2312 | D:2      | 2312 ||| READING scroll labelled OGHYITECSI.
  2313 | D:2      | 2313 ||| READING scroll labelled IHOSHIPYTU.
  2314 | D:2      | 2314 ||| DRINKING 2 emerald potions.
  2315 | D:2      | 2315 ||| DROPPING potion of degeneration.
  2469 | D:3      | XOM: torment (19/36 hp)
  2882 | D:3      | XOM: summons 12 hostile demons
  2883 | D:3      | Noticed an orange demon
  2883 | D:3      | Noticed an ice devil
  2883 | D:3      | Noticed a chaos spawn
  2885 | D:3      | HP: 2/36 [something/nerve-wracking pain[Xom] (9)]
  2886 | D:3      | Succumbed to an orange demon's poison

Levels and vault maps discovered:
D:1:      elethiomel_arrival_fortress_basement, layout_rooms,
          ebering_ecumenical_altar_box
D:2:      layout_loops_corners, serial_glass, glass_columns_a, glass_columns_a
D:3:      layout_basic, corexii_item_surrounded_by_moat, uniq_terence

Skill      XL: |  1  2  3 |
---------------+----------+-----
Axes           | 4 5 |  5.2
Throwing       | 1 |  1.0
Fighting       | |  3.6
Armour         | |  2.4
Dodging        | |  1.1

Action                   |  1- 3 |  4- 6 || total
-------------------------+-------+-------++-------
Melee: Hand axe          |   105 |    29 ||   134
Throw: Javelin           |    14 |     8 ||    22
Invok: Renounce Religion |     1 |       ||     1
  Use: Scroll            |     3 |     2 ||     5
       Potion            |       |     1 ||     1
Armor: Leather armour    |    30 |     5 ||    35
       Chain mail        |       |    16 ||    16
Dodge: Dodged            |    49 |    11 ||    60

Table legend:
 A = Non-vault XP
 B = Vault XP
 C = Vault XP percentage of total XP
 D = Non-vault monster count
 E = Vault monster count
 F = Vault count percentage of total count
                 A         B        C        D         E       F
            +---------+---------+-------+---------+---------+-------
      Total |     100 |       2 |   2.0 |      38 |       1 |   2.6
            +---------+---------+-------+---------+---------+-------
        D:1 |      48 |       2 |   4.0 |      21 |       1 |   4.5
        D:2 |      39 |       0 |   0.0 |       8 |       0 |   0.0
        D:3 |      13 |       0 |   0.0 |       9 |       0 |   0.0
            +---------+---------+-------+---------+---------+-------
